 Dungeon Crawl Stone Soup version 0.30-a0-170-g85af917532 (webtiles) character file.

Game seed: 16143419078050012736

900 RepoMan the Skirmisher (level 7, -7/50 HPs)
             Began as a Mummy Hunter on Oct 1, 2022.
             Was a Follower of Fedhas.
             Killed from afar by an orc wizard (9 damage)
             ... with a puff of flame
             ... on level 5 of the Dungeon.
             The game lasted 00:15:56 (3989 turns).

RepoMan the Skirmisher (Mummy Hunter)               Turns: 3989, Time: 00:15:58

Health: -7/50      AC:  9    Str: 18    XL:     7   Next: 79%
Magic:  7/7        EV: 11    Int:  9    God:    Fedhas [*.....]
Gold:   344        SH:  0    Dex: 17    Spells: 6/6 levels left

rFire   x . .      SeeInvis .    d - +10 mace "Newtslayer" {drain, rPois rCorr Str-2}
rCold   + . .      Faith    +    (no shield)
rNeg    + + +      Spirit   .    h - +0 ring mail
rPois   ∞          Reflect  .    j - +2 helmet
rElec   .          Harm     .    (no cloak)
rCorr   +          Rampage  .    (no gloves)
Will    .....                    l - +0 pair of boots
Stlth   +.........               (no amulet)
HPRegen 0.16/turn                e - +6 ring of strength
MPRegen 0.10/turn                (no ring)

@: weak-willed
A: cold resistance 1, negative energy resistance 3, torment resistance 2, heat
vulnerability 1, in touch with death 1, no potions, faith
a: Renounce Religion


You were on level 5 of the Dungeon.
You worshipped Fedhas.
Fedhas was aware of your devotion.
You visited 1 branch of the dungeon, and saw 6 of its levels.

You collected 364 gold pieces.
You spent 20 gold pieces at shops.

Inventory:

Hand Weapons
 a - a +0 shortbow
 d - the +10 mace "Newtslayer" (weapon) {drain, rPois rCorr Str-2}
   (You found it on level 3 of the Dungeon)

   A truly terrible weapon, it drains the life of any living foe it strikes.
   Str:       It affects your strength (-2).
   rPois:     It protects you from poison.
   rCorr:     It protects you from acid and corrosion.
Armour
 h - a +0 ring mail (worn)
 j - a +2 helmet (worn)
 l - a +0 pair of boots (worn)
Jewellery
 e - a +6 ring of strength (left hand)
Wands
 n - a wand of polymorph (11)
Scrolls
 b - a scroll of immolation
 c - a scroll of magic mapping
 f - 3 scrolls of noise
 g - a scroll of enchant weapon
 m - a scroll of teleportation {unknown}


   Skills:
 - Level 2.0 Fighting
 * Level 8.2 Ranged Weapons
 - Level 1.5 Dodging
 - Level 0.7 Stealth


You had 6 spell levels left.
You didn't know any spells.
Your spell library contained the following spells:

 Spells                   Type           Power      Damage    Failure   Level
 Summon Small Mammal      Summ           0%         N/A       58%         1
 Call Canine Familiar     Summ           0%         N/A       91%         3
 Summon Guardian Golem    Hex/Summ       0%         N/A       91%         3


Dungeon Overview and Level Annotations

Branches:
Dungeon (6/15)
 Temple: D:4-7

Altars:
Fedhas
Wu Jian

Shops:
D:3 *

Annotations:
D:1 1 transporter
D:6 exclusion: upstairs


Innate Abilities, Weirdness & Mutations

You are immune to poison.
Your flesh is cold resistant. (rC+)
You are immune to negative energy. (rN+++)
You are immune to unholy pain and torment.
You are vulnerable to heat. (rF-)
You are in touch with the powers of death.
You do not drink.
You have a special connection with the divine. (Faith)


Message History

As you read the scroll labelled NUSUIZ MAITAA, it crumbles to dust.
The ogre shouts!
Magic quickly surges around you.
It was a scroll of vulnerability.
The orc hits you with a +0 flail.
* * * LOW HITPOINT WARNING * * *
You hear some strange, mumbled words.
You are confused.
You clumsily bash the orc wizard but do no damage.
The orc hits you with a +0 flail.
* * * LOW HITPOINT WARNING * * *
The orc wizard gestures at you while chanting.
You resist with some effort.
Unknown command.
You barely miss the orc.
The orc wizard hits you but does no damage. x2
You are too confused!
Unknown command.
You feel weaker.
You sense an unholy aura.
d - the +10 mace "Newtslayer" (weapon)
{drain, rPois rCorr Str-2} Unknown command.
You barely miss the orc wizard.
The howler monkey hits you but does no damage.
You hear some strange, mumbled words.
Something tries to affect you, but you resist.
The orc wizard misses you. The howler monkey barely misses you.
You closely miss the orc wizard. Something hits you but does no damage.
The howler monkey hoots and howls with incredible vigour!
The ogre hits you with a +0 giant spiked club.
* * * LOW HITPOINT WARNING * * *
The howler monkey barely misses you.
You hear a shout!
Unknown command.
You hit something.
You feel less confused. The howler monkey barely misses you.
Something hits you but does no damage.
The orc wizard points at you and mumbles some strange words.
The puff of flame hits you! The fire burns you terribly!
You die...
Fedhas appreciates your contribution to the ecosystem.

## #.# # #. #
#.###### #.# .###
#....... #..#
#.... .######. #o
.## #..... . ....
#§##§###.#.... .
###.
#§§§§o#.....#
####
#§#§o{oh....#
##.##
#.#§##@###..#
#.#.. #.#.##O# ..
##.## #....... ..
#.## #.#.##!## #.
#.#####...
#.#....# #.
#......(.#
#.####.# #.
#######.##
...###. #.#
.#.....########.#
#....))...#


You could see an ogre (weak-willed), a howler monkey (weak-willed), an orc
wizard (weak-willed) and 2 orcs.

Vanquished Creatures
  A water moccasin (D:5)
  2 ice beasts (D:6)
  2 phantoms (D:5)
  A bullfrog (D:5)
  An orc priest (D:3)
  A hound (D:6)
  An iguana (D:5)
  5 orc wizards
  3 gnolls (D:4)
  5 adders
  A white imp (D:5)
  A worm (D:3)
  2 dart slugs
  13 orcs
  6 bats
  5 endoplasms
  8 goblins
  4 hobgoblins
  4 jackals
  A quokka (D:3)
  4 ball pythons
  7 frilled lizards
  7 kobolds
  9 rats
94 creatures vanquished.

Vanquished Creatures (others)
  A fungus (D:3)
  4 toadstools (D:3)
5 creatures vanquished.

Grand Total: 99 creatures vanquished

Notes
Turn   | Place    | Note
-------+----------+-------------------------------------------
     0 | D:1      | RepoMan the Mummy Hunter began the quest for the Orb.
     0 | D:1      | Reached XP level 1. HP: 16/16 MP: 1/1
   149 | D:1      | Reached XP level 2. HP: 22/22 MP: 2/2
   459 | D:1      | Reached skill level 4 in Ranged Weapons
   543 | D:1      | Found a faded altar of an unknown god.
   703 | D:2      | Gained mutation: You are in touch with the powers of death.
                  | [Mummy growth]
   703 | D:2      | Reached XP level 3. HP: 27/27 MP: 3/3
  1269 | D:3      | Found Vomahime's General Store.
  1280 | D:3      | Bought a scroll of identify for 20 gold pieces
  1685 | D:3      | Found an ornate altar of the Wu Jian Council.
  1761 | D:3      | Identified the +10 mace "Newtslayer" {drain, rPois rCorr
                  | Str-2}
  1986 | D:3      | Reached XP level 4. HP: 28/33 MP: 4/4
  1990 | D:3      | Reached skill level 5 in Ranged Weapons
  1993 | D:3      | Reached XP level 5. HP: 14/38 MP: 5/5
  2194 | D:3      | Found a blossoming altar of Fedhas.
  2202 | D:3      | Became a worshipper of Fedhas Madash
  2865 | D:5      | Entered Level 5 of the Dungeon
  2889 | D:5      | Noticed a phantom
  2892 | D:5      | Noticed a water moccasin
  2899 | D:5      | Killed a phantom
  2900 | D:5      | Reached skill level 6 in Ranged Weapons
  2900 | D:5      | Reached XP level 6. HP: 41/44 MP: 6/6
  2908 | D:5      | Killed a water moccasin
  2908 | D:5      | Reached * piety under Fedhas
  3176 | D:5      | Reached skill level 7 in Ranged Weapons
  3278 | D:5      | Reached XP level 7. HP: 50/50 MP: 7/7
  3752 | D:6      | Reached skill level 8 in Ranged Weapons
  3988 | D:5      | HP: 2/50 [ogre/+0 giant spiked club (4)]
  3989 | D:5      | Killed from afar by an orc wizard

Illustrated notes

Levels and vault maps discovered:
D:1:      spicycebolla_arrival_risky_transporter, layout_loops_cross,
          shapermc_ecumenical_altar_venn, minmay_split_cup_large
D:2:      layout_basic
D:3:      layout_loops_ring, lemuel_coloured_pillars_altar,
          mainiacjoe_overflow_small_starburst, serial_shops, nicolae_shop_stone,
          chequers_serial_rivers_micro_e, minmay_splitting_lines,
          chequers_serial_rivers_large_b, minmay_gold_behind_fungi,
          wad_floor_pattern_2, minmay_misc_feat_tower
D:4:      layout_rooms
D:5:      layout_loops_ring, nicolae_hepliaklqana_monster_ancestors,
          kennysheep_generic_room_7
D:6:      layout_loops_ring, minmay_temple_entry_poolview

Skill      XL: |  1  2  3  4  5  6  7 |
---------------+----------------------+-----
Ranged Weapons | 4 5 6 7 8 |  8.2
Fighting       | |  2.0
Dodging        | |  1.5
Stealth        | |  0.7

Action                   |  1- 3 |  4- 6 |  7- 9 || total
-------------------------+-------+-------+-------++-------
Melee: Mace              |     3 |    26 |     3 ||    32
       Shortbow          |       |       |     2 ||     2
 Fire: Shortbow          |   138 |   100 |    84 ||   322
  Use: Scroll            |     5 |     2 |     3 ||    10
Armor: Leather armour    |     5 |       |       ||     5
       Ring mail         |    14 |    35 |    24 ||    73
Dodge: Dodged            |    27 |    51 |    32 ||   110

Table legend: (Time is in decaauts)
 A = Elapsed time spent in this place.
 B = Non-inter-level travel time spent in this place.
 C = Inter-level travel time spent in this place.
 D = Time resting spent in this place.
 E = Time spent auto-exploring this place.
 F = Levels seen in this place.
 G = Mean time per level.
                   A        B        C        D        E       F      G
               +--------+--------+--------+--------+--------+-----+--------+
         Total |   4124 |   4005 |    119 |    905 |   2019 |   6 |  687.3 |
       Dungeon |   4124 |   4005 |    119 |    905 |   2019 |   6 |  687.3 |
               +--------+--------+--------+--------+--------+-----+--------+

Top non-repeatable levels by time:
     D:3: 1055 daAuts
     D:4: 853 daAuts
     D:1: 703 daAuts
     D:2: 573 daAuts
     D:6: 472 daAuts
     D:5: 466 daAuts
